 Dungeon Crawl Stone Soup version 0.27.1-33-g824d729ab1 (webtiles) character file.

Game seed: 7056965299088688916

14 comborobin the Skirmisher (level 2, -2/26 HPs)
             Began as a Djinni Fighter on Dec 28, 2021.
             Frozen to death by an endoplasm (6 damage)
             ... on level 1 of the Dungeon.
             The game lasted 00:00:20 (560 turns).

comborobin the Skirmisher (Djinni Fighter)           Turns: 560, Time: 00:00:21

Health: -2/26      AC:  6    Str: 15    XL:     2   Next: 55%
Gold:   11         EV:  6    Int:  9    God:
                   SH:  8    Dex: 12

rFire    + + .     SeeInvis .     - Unarmed
rCold    x . .     Faith    .   b - +0 kite shield
rNeg     . . .     Spirit   .   a - +0 scale mail
rPois    ∞         Reflect  .   (no helmet)
rElec    .         Harm     .   (no cloak)
rCorr    .         Rampage  .   (no gloves)
Will     .....                  (boots unavailable)
Stlth    ..........             (no amulet)
HPRegen  0.08/turn              (no ring)
MPRegen  0.00/turn              (no ring)

@: flying
A: sickness immunity, fire resistance 2, cold vulnerability 1, float, innate
caster, hp casting, extra vitality 1
a: no special abilities


You were on level 1 of the Dungeon.
You visited 1 branch of the dungeon, and saw 1 of its levels.

You collected 11 gold pieces.

Inventory:

Armour
 a - a +0 scale mail (worn)
 b - a +0 kite shield (worn)
Scrolls
 d - a scroll of identify {unknown}
 e - 2 scrolls of fog {unknown}
Potions
 c - a potion of might


   Skills:
 + Level 3.7 Fighting
 - Level 3.0 Armour
 - Level 3.0 Shields
 - Level 2.0 Unarmed Combat


You had one spell level left.
You didn't know any spells.
Your spell library was empty.

Dungeon Overview and Level Annotations

Branches:
Dungeon (1/15)

Altars:


Innate Abilities, Weirdness & Mutations

You are immune to sickness and miasma.
You are immune to poison.
Your flesh is very heat resistant. (rF++)
You are vulnerable to cold. (rC-)
You float through the air rather than walking.
You learn spells naturally, not from books.
Your magical power is your life essence.
You have superior vitality. (+4 HP)


Message History

The ball python is heavily wounded.
The ball python bites you. The ball python constricts you.
You hit the ball python.
You kill the ball python!
Your scale mail prevents you from hitting the endoplasm.
The endoplasm freezes you.
You are frozen.
You hit the endoplasm.
The endoplasm is moderately wounded.
The endoplasm completely misses you. You block the endoplasm's attack.
Your scale mail prevents you from hitting the endoplasm.
The endoplasm is moderately wounded.
The endoplasm freezes you.
You are frozen.
You feel a terrible chill!
You hit the endoplasm.
The endoplasm is severely wounded.
The endoplasm hits you but does no damage.
Your shield prevents you from hitting the endoplasm.
The endoplasm is severely wounded.
The endoplasm barely misses you.
You are too injured to fight recklessly!
You hit the endoplasm.
The endoplasm is almost dead.
The endoplasm freezes you.
You are frozen.
You feel a terrible chill!
* * * LOW HITPOINT WARNING * * *
You are too injured to fight recklessly!
An endoplasm is nearby!
An endoplasm is nearby!
You are too injured to fight recklessly!
An endoplasm is nearby!
You hit the endoplasm but do no damage.
The endoplasm is almost dead.
The endoplasm hits you but does no damage.
You block the endoplasm's attack.
You hit the endoplasm but do no damage.
The endoplasm is almost dead.
The endoplasm freezes you.
You are frozen.
You feel a terrible chill!
You die...

#.# #.$.##.#
##...##.# ....##.#
#...##.####### #^..
...$....# #..#
#.?.....#
##.####..###....####
#........@J........#
..####.############
#...# #.#.+ #.###
#.####.# ..#.....##
≈≈≈≈≈≈≈≈≈# #
#♣######≈# ##


You could see an endoplasm.

Vanquished Creatures
  An adder zombie (D:1)
  A ball python (D:1)
  2 giant cockroaches (D:1)
  A goblin (D:1)
  A hobgoblin (D:1)
  A quokka (D:1)
  A ball python zombie (D:1)
  A frilled lizard (D:1)
9 creatures vanquished.

Notes
Turn   | Place    | Note
-------+----------+-------------------------------------------
     0 | D:1      | comborobin the Djinni Fighter began the quest for the Orb.
     0 | D:1      | Reached XP level 1. HP: 20/20 MP: 0/0
   196 | D:1      | Reached XP level 2. HP: 13/25 MP: 0/0
   560 | D:1      | Frozen to death by an endoplasm

Illustrated notes

Levels and vault maps discovered:
D:1:      saegor_arrival_fortress, layout_loops_ring, serial_shops, shop,
          amcnicky_mini_corridor_feature, amcnicky_mini_pool_small,
          minmay_misc_feat_room, dk_noncrumbling_2, minmay_misc_feat_tiny,
          minmay_pentomino_t2

Action                   || total
-------------------------++-------
Melee: Unarmed           ||    83
Armor: Scale mail        ||    34
Dodge: Dodged            ||    31
Block: Kite shield       ||    44
